 Dungeon Crawl Stone Soup version 0.32-a0-814-g0968bab981 (webtiles) character file.

Game seed: 4634090885767272052

3616 kae the Carver (level 10, -2/67 HPs)
             Began as a Coglin Gladiator on Mar 22, 2024.
             Was an Elder of Okawaru.
             Killed by divine providence
             ... invoked by an orc high priest
              (11 damage)
             ... in a bailey.
             The game lasted 00:06:48 (8144 turns).

kae the Carver (Coglin Gladiator)                   Turns: 8144, Time: 00:06:48

Health: -2/67      AC: 17    Str: 15    XL:     10   Next: 11%
Magic:  13/13      EV:  6    Int:  7    God:    Okawaru [****..]
Gold:   248        SH:  0    Dex: 22    Spells: 9/9 levels left

rFire   . . .        a - +3 long sword {Ramón}
rCold   . . .        s - +5 dagger of the Thirsty Suns {venom, Will+ Dex+2 Stlth+}
rNeg    . . .        E - +0 storm dragon scales {rare}
rPois   .            c - +1 helmet
rElec   +            z - +1 cloak
rCorr   .            o - +0 pair of gloves
SInv    .            p - +1 pair of boots
Will    +....        (amulet unavailable) Stlth
                     (ring unavailable)
HPRegen 0.31/turn    (ring unavailable)
MPRegen 0.13/turn    (no gizmo)

%: no passive effects
@: revving
A: off-hand wielding, slow wielding, warmup strikes, no jewellery
a: Invent Gizmo, Renounce Religion, Heroism, Finesse


You were in a bailey.
You worshipped Okawaru.
Okawaru was greatly pleased with you.
You visited 2 branches of the dungeon, and saw 10 of its levels.
You also visited: Bailey.

You collected 423 gold pieces.
You spent 175 gold pieces at shops.


Innate Abilities, Weirdness & Mutations

You can wield a second weapon in your off-hand.
It takes a long time for you to wield or remove held weapons.
Your first few attacks do less damage.
You cannot equip rings or amulets.


   Skills:
 - Level 2.0 Fighting
 + Level 13.0 Long Blades
 - Level 1.7 Throwing
 - Level 2.6 Dodging
 - Level 5.0 Invocations


You had 9 spell levels left.
You didn't know any spells.
Your spell library contained the following spells:

 Spells                   Type           Power      Damage    Failure   Level
 Apportation              Tloc           0%         N/A       100%        1
 Necrotise                Necr           0%         1d4       100%        1
 Sting                    Conj/Alch      0%         1d3       100%        1
 Lesser Beckoning         Tloc           0%         N/A       100%        2
 Sublimation of Blood     Necr           0%         N/A       100%        2
 Gell's Gravitas          Tloc           0%         N/A       100%        3
 Stone Arrow              Conj/Erth      0%         3d7       100%        3
 Teleport Other           Tloc           0%         N/A       100%        3
 Lehudib's Crystal Spear  Conj/Erth      0%         10d2      100%        8
 Summon Small Mammal      Summ           Unusable   N/A       N/A         1
 Call Imp                 Summ           Unusable   N/A       N/A         2
 Animate Armour           Summ/Erth      Unusable   N/A       N/A         4
 Summon Forest            Summ/Tloc      Unusable   N/A       N/A         5
 Summon Mana Viper        Hex/Summ       Unusable   N/A       N/A         5
 Summon Cactus Giant      Summ           Unusable   N/A       N/A         6
 Summon Hydra             Summ           Unusable   N/A       N/A         7

Inventory:

Hand Weapons
 a - a +3 long sword (weapon) {Ramón}
 f - a +0 dagger {Thulani}
 s - the +5 dagger of the Thirsty Suns (offhand) {venom, Will+ Dex+2 Stlth+}
   (You found it on level 2 of the Dungeon)

   Dex+2:     It affects your dexterity (+2).
   Will+:     It increases your willpower.
   Stlth+:    It makes you more stealthy.
Missiles
 d - 3 throwing nets (quivered) {=f!f}
 e - a javelin
 h - 63 stones
 r - a curare-tipped dart {=f}
 H - 6 boomerangs
 M - 3 silver javelins
Armour
 b - a +0 leather armour
 c - a +1 helmet (worn)
 o - a +0 pair of gloves (worn)
   (You found it on level 6 of the Dungeon)
 p - a +1 pair of boots (worn)
   (You found it on level 1 of the Dungeon)
 z - a +1 cloak (worn)
   (You found it on level 3 of the Dungeon)
 E - +0 storm dragon scales (worn) {rare}
   (You found it on level 8 of the Dungeon)
Jewellery
 v - the ring "Neow" {rPois rF+ rN+ Str+2 Dex-2}
   (You found it on level 9 of the Dungeon)

   [ring of poison resistance]

   Str+2:     It affects your strength (+2).
   Dex-2:     It affects your dexterity (-2).
   rF+:       It protects you from fire.
   rPois:     It protects you from poison.
   rN+:       It protects you from negative energy.
 C - a ring of protection from cold
   (You found it on level 7 of the Dungeon)
Wands
 y - a wand of charming (7)
   (You took it off Ijyb on level 3 of the Dungeon)
Scrolls
 i - a scroll of noise {!r}
 n - 2 scrolls of vulnerability {!r!r}
 u - a scroll of blinking {!r}
 w - 2 scrolls of amnesia
 x - 3 scrolls of teleportation {@r4}
 D - 2 scrolls of silence {!r}
 N - a scroll of identify {@r1}
Potions
 g - 2 potions of lignification {!q}
 j - 2 potions of degeneration {unknown}
 k - 2 potions of curing {@q1}
 l - a potion of resistance
 m - 3 potions of enlightenment
 q - 4 potions of magic {unknown}
 t - a potion of brilliance {unknown}
 A - 2 potions of might
 B - 2 potions of ambrosia
 F - 2 potions of heal wounds {@q2}
 G - 2 potions of berserk rage {unknown}
 I - 3 potions of attraction {unknown}
 J - a potion of cancellation {unknown}
 K - a potion of invisibility {unknown}
 L - a potion of mutation {unknown}

Dungeon Overview and Level Annotations

Branches:
Dungeon (9/15) Zot: 26815  Temple (1/1) D:4 Zot: 5973  Bailey (1/1) Zot: 5705
   Lair: D:8-11         Orc: D:9-12

Altars:
Ashenzari
Cheibriados
Dithmenos
Elyvilon
Fedhas
Gozag
Hepliaklqana
Kikubaaqudgha
Makhleb
Nemelex Xobeh
Okawaru
Qazlal
Sif Muna
Uskayaw
Wu Jian
Xom
Yredelemnul
Zin
The Shining One

Shops:
D:2 ( D:5

[?*([
#..'..)).'..#
###..#..⌠..#..####
.....#.....#.)...#
.ß)).#.....#..)ß.#
.....#######.....#
.ß#### ####ß.# ..#
#..# .ß# #ß.# ..#
#.@# #+# #)## #))#
#..# #o.# #..#
#(.# ##)#+# #.o..#


You could see an orc high priest (very poisoned).


Message History

The orc high priest prays.
There is an open door here.
Things that are here:
a +0 hand axe; a +0 leather armour; 😕 HP[+1]
The orc high priest invokes the aid of Beogh against you.
Beogh smites you!
You are too injured to fight recklessly! 😮 HP[-14]
You take 14 damage, and now have 39/67 hp.
MASSIVE DAMAGE!! (PAUSE)
You completely miss the orc high priest with your +3 long sword.
You closely miss the orc high priest with the +5 dagger of the Thirsty Suns.
The orc high priest hits you but does no damage.
You hit the orc high priest with the +5 dagger of the Thirsty Suns.
The orc high priest is poisoned.
You hit the orc high priest with your +3 long sword. 😮 HP[+1] Unknown command.
You hit the orc high priest but do no damage.
You hit the orc high priest with the +5 dagger of the Thirsty Suns.
The orc high priest looks as sick as possible!
The orc high priest mumbles some strange prayers to Beogh.
An electric eel comes into view.
Unknown command.
You hit the orc high priest but do no damage.
The orc high priest looks as sick as possible!
You hit the orc high priest with your +3 long sword.
The sixfirhy barely misses you. The sixfirhy hits you. The sixfirhy shocks you.
You resist.
* * * LOW HITPOINT WARNING * * *
The electric eel shoots out a bolt of lightning at you!
The bolt of electricity hits the sun demon.
The sun demon resists.
The bolt of electricity misses the sixfirhy.
The bolt of electricity hits you. You resist.
* * * LOW HITPOINT WARNING * * *
The bolt of electricity hits you but does no damage.
You resist.
The orc high priest hits you but does no damage. 😨 HP[-13]
You take 13 damage, and now have 27/67 hp.
You hit the orc high priest with the +5 dagger of the Thirsty Suns.
You slash the orc high priest with your +3 long sword!
The sixfirhy hits you!
* * * LOW HITPOINT WARNING * * *
The sixfirhy shocks you. You resist.
* * * LOW HITPOINT WARNING * * *
The sixfirhy hits you but does no damage. x2 😱 HP[-11]
You take 11 damage, and now have 16/67 hp.
Unknown command.
You barely miss the orc high priest with your +3 long sword.
You hit the orc high priest with the +5 dagger of the Thirsty Suns.
The orc high priest looks as sick as possible!
The sixfirhy hits you but does no damage.
The sixfirhy hits you!
* * * LOW HITPOINT WARNING * * *
The sixfirhy shocks you. You resist.
* * * LOW HITPOINT WARNING * * *
The orc high priest says, "The wrath of Beogh will be yours."
The orc high priest hits you with a +0 war axe.
* * * LOW HITPOINT WARNING * * *
Unknown command. 😱 HP[-15]
You take 15 damage, and now have 1/67 hp.
MASSIVE DAMAGE!! (PAUSE) Unknown command.
Okay, then.
Blink to where?
Press: ? - help, Dir - move target
As you read the scroll of blinking {!r}, it crumbles to dust. 😱 HP[+1]
You aren't carrying any items that you can evoke.
Unknown command.
Okay, then.
You feel better. 😱 HP[+6]
You regained 6 hp, and now have 8/67 hp.
You aren't carrying any items that you can evoke.
Unknown command.
Okay, then.
Okay, then.
Okay, then.
Unknown command.
Okay, then.
Throw: 5 javelins (silver)
Press: ? - help, Shift-Dir - straight line, f - orc high priest
Aim: an orc high priest, wielding a +0 war axe and wearing a +0 ring mail (heavily wounded, extremely poisoned, 58% to hit)
You throw a silver javelin.
The silver javelin pierces through the orc high priest. 😱 HP[+1] Throw: 4 javelins (silver)
Press: ? - help, Shift-Dir - straight line, f/p - orc high priest
Aim: an orc high priest, wielding a +0 war axe and wearing a +0 ring mail (severely wounded, extremely poisoned, 58% to hit)
You throw a silver javelin.
The silver javelin pierces through the orc high priest.
The orc high priest says, "You will make a fine sacrifice."
The orc high priest invokes the aid of Beogh against you.
Beogh smites you!
You die...

Skill      XL: |  1  2  3  4  5  6  7  8  9 10 |
---------------+-------------------------------+-----
Long Blades    | 4 5 6 7 8 9 12 13 | 13.0
Invocations    | 1 3 5 |  5.0
Fighting       | |  2.0
Throwing       | |  1.7
Dodging        | |  2.6

Action                     |  1- 3 |  4- 6 |  7- 9 | 10-12 || total
---------------------------+-------+-------+-------+-------++-------
  Melee: Dagger            |    60 |   103 |   185 |    37 ||   385
         Long sword        |    62 |   100 |   195 |    44 ||   401
  Throw: Javelin           |       |       |       |     2 ||     2
 Invoke: Heroism           |       |       |     1 |       ||     1
    Use: Scroll            |     4 |     7 |    10 |     1 ||    22
         Potion            |       |       |     3 |     1 ||     4
   Stab: Sleeping          |     1 |       |     6 |       ||     7
         Distracted        |       |       |     2 |       ||     2
 Armour: Leather armour    |    39 |    62 |   133 |       ||   234
         Storm dragon scal |       |       |    25 |    41 ||    66
  Dodge: Dodged            |    51 |    68 |   112 |    11 ||   242

Levels and vault maps discovered:
D:1:      saegor_arrival_simple_e, layout_basic, minmay_misc_feat_secret_circle,
          minmay_split_cup_small
D:2:      layout_basic, serial_co_window_serial, co_window_paths_b,
          co_window_corner_a, co_window_corner_a, co_window_cross_1,
          co_window_of_opportunity_a, co_window_corner_b, co_window_corner_b,
          co_window_2corner, co_window_broadway_b, co_window_cross_3,
          co_window_broadway_b, co_window_2corner, glass_columns_b,
          glass_columns_c, glass_columns_a, glass_columns_b, serial_shops, shop,
          uniq_terence
D:3:      layout_basic, gammafunk_temple_overflow_elements,
          chequers_serial_rivers_large_b, chequers_serial_rivers_small_3,
          grunt_ministairs_12, minmay_starry_boxes, uniq_ijyb, uniq_jessica
D:4:      layout_basic, minmay_temple_entry_arrows
D:5:      layout_basic, mainiacjoe_overflow_small_starburst,
          serial_co_window_serial, co_window_paths_b,
          co_window_of_opportunity_a, co_window_corner_a,
          co_window_of_opportunity_a, co_window_cross_1, co_window_corner_b,
          co_window_corner_b, co_window_2corner, co_window_corner_b,
          co_window_2corner, co_window_broadway_b, co_window_unsneaky_path_a,
          serial_shops, shop_fountains, nicolae_stop_n_shop_1,
          nicolae_shop_temple_entry_statues_fountains,
          nicolae_shop_just_a_little_nook, shop
D:6:      layout_cave_pools, brannock_xom_greatest_gift
D:7:      layout_loops_ring, minivault_11, lemuel_flame_loot_1
D:8:      layout_basic, general_overflow_altar
D:9:      layout_roguey, nicolae_ru_great_annihilating_truth,
          david_lair_shrubbed, enter_bailey_8
Temple:   dpeg_chambers_temple
Bailey:   bailey_axe_of_yendor_kennysheep, bailey

Notes
Turn   | Place    | Note
-------+----------+-------------------------------------------
     0 | D:1      | kae the Coglin Gladiator began the quest for the Orb.
     0 | D:1      | Reached XP level 1. HP: 16/16 MP: 1/1
     0 | D:1      | magus.rc [v1.11.3]
   290 | D:1      | Reached XP level 2. HP: 22/22 MP: 2/2
   665 | D:2      | Found Sattyaw's Antique Weapon Shoppe.
  1043 | D:2      | Reached skill level 4 in Long Blades
  1043 | D:2      | Reached XP level 3. HP: 27/27 MP: 3/3
  1189 | D:2      | Identified the +5 dagger of the Thirsty Suns {venom, Will+
                  | Dex+2 Stlth+}
  1241 | D:2      | Noticed Terence
  1253 | D:2      | Killed Terence
  1254 | D:2      | Reached XP level 4. HP: 33/33 MP: 4/4
  1273 | D:2      | You pick up a book of Displacement and begin reading...
  1273 | D:2      | You add the spells Lesser Beckoning, Gell's Gravitas and
                  | Teleport Other to your library.
  1324 | D:2      | Reached skill level 5 in Long Blades
  1690 | D:2      | You pick up a book of Cantrips and begin reading...
  1690 | D:2      | You add the spells Sting, Necrotise, Summon Small Mammal
                  | and Apportation to your library.
  1717 | D:3      | Noticed Ijyb
  1974 | D:3      | You pick up a book of Blood and begin reading...
  1974 | D:3      | You add the spells Call Imp, Sublimation of Blood and
                  | Summon Hydra to your library.
  2092 | D:3      | Reached XP level 5. HP: 32/38 MP: 5/5
  2166 | D:3      | Killed Ijyb
  2217 | D:3      | Reached skill level 6 in Long Blades
  2357 | D:3      | Noticed Jessica
  2364 | D:3      | Killed Jessica
  2373 | D:3      | Reached XP level 6. HP: 44/44 MP: 6/6
  2595 | D:3      | Found a white marble altar of Elyvilon.
  2595 | D:3      | Found a snail-covered altar of Cheibriados.
  2833 | D:4      | Reached skill level 7 in Long Blades
  2979 | D:4      | Found a staircase to the Ecumenical Temple.
  3092 | Temple   | Entered the Ecumenical Temple
  3105 | Temple   | Became a worshipper of Warmaster Okawaru
  3292 | D:5      | Entered Level 5 of the Dungeon
  3292 | D:5      | Found Siag's Assorted Antiques.
  3295 | D:5      | Bought a bubbling puce potion for 26 gold pieces
  3295 | D:5      | Bought a fizzy clear potion for 26 gold pieces
  3295 | D:5      | Bought a murky golden potion for 26 gold pieces
  3365 | D:5      | You pick up a book of Armaments and begin reading...
  3365 | D:5      | You add the spells Stone Arrow and Lehudib's Crystal Spear
                  | to your library.
  3415 | D:5      | Found Qiotut's Armour Boutique.
  3482 | D:5      | Found Uthredor's Magic Scroll Boutique.
  3482 | D:5      | Noticed a black bear
  3489 | D:5      | Killed a black bear
  3490 | D:5      | Reached skill level 1 in Invocations
  3490 | D:5      | Reached XP level 7. HP: 46/50 MP: 7/7
  3506 | D:5      | Found Qonomam's Armour Boutique.
  3513 | D:5      | Bought a scroll of enchant weapon for 97 gold pieces
  3637 | D:5      | Found Jahita's Antique Weapon Emporium.
  3662 | D:5      | Found a basalt altar of Yredelemnul.
  3883 | D:5      | Reached skill level 8 in Long Blades
  3971 | D:5      | Reached skill level 2 in Invocations
  4381 | D:6      | Found a shimmering altar of Xom.
  4434 | D:6      | Reached * piety under Okawaru
  4445 | D:6      | Reached skill level 3 in Invocations
  4445 | D:6      | Reached XP level 8. HP: 21/56 MP: 8/10
  4606 | D:6      | You pick up a book of the Wilderness and begin reading...
  4823 | D:6      | Reached skill level 9 in Long Blades
  5128 | D:7      | Reached ** piety under Okawaru
  5129 | D:7      | Reached skill level 4 in Invocations
  5307 | D:7      | HP: 13/56 [orc/+0 flail (2)]
  5312 | D:7      | HP: 12/56 [orc/+0 short sword of venom (4)]
  5314 | D:7      | HP: 5/56 [poisoned by an orc]
  5509 | D:7      | Reached skill level 5 in Invocations
  5509 | D:7      | Reached XP level 9. HP: 46/61 MP: 12/12
  5608 | D:7      | Reached skill level 10 in Long Blades
  6445 | D:8      | Reached *** piety under Okawaru
  6469 | D:8      | Reached skill level 11 in Long Blades
  6857 | D:8      | Noticed a manticore
  6863 | D:8      | Killed a manticore
  6945 | D:8      | E - +0 storm dragon scales {rare}
  6956 | D:8      | You finish putting on your +0 storm dragon scales {rare}.
  7095 | D:8      | Reached skill level 12 in Long Blades
  7188 | D:8      | Found a burning altar of Makhleb.
  7304 | D:8      | HP: 12/55 [wight/+0 great sword (4)]
  7708 | D:9      | Reached XP level 10. HP: 59/67 MP: 13/13
  7709 | D:9      | Identified the ring "Neow" {rPois rF+ rN+ Str+2 Dex-2}
  7779 | D:9      | Found a flagged portal.
  7838 | Bailey   | Entered a bailey
  8024 | Bailey   | Reached **** piety under Okawaru
  8128 | Bailey   | Noticed an orc high priest
  8129 | Bailey   | Reached skill level 13 in Long Blades
  8137 | Bailey   | Noticed a sun demon
  8137 | Bailey   | Noticed a sixfirhy
  8138 | Bailey   | HP: 16/67 [sixfirhy[an orc high priest] (3)]
  8139 | Bailey   | HP: 6/67 [sixfirhy[an orc high priest] (10)]
  8139 | Bailey   | HP: 1/67 [orc high priest/+0 war axe (2)]
  8144 | Bailey   | Killed from afar by an orc high priest

Vanquished Creatures
  A manticore (D:8)
  A wyvern (D:7)
  A steam dragon (D:9)
  A water moccasin (D:7)
  6 orc warriors
  An ice beast (D:6)
  2 black bears (D:5)
  A sky beast (D:7)
  3 centaurs
  A kobold brigand (D:8)
  4 bullfrogs
  2 scorpions
  4 wights (D:8)
  A howler monkey (D:6)
  An electric eel (Bailey)
  4 hounds
  2 jellies
  A bombardier beetle (D:6)
  A sleepcap (D:6)
  3 orc priests
  Terence (D:2)
  Jessica (D:3)
  6 iguanas
  Ijyb (D:3)
  5 orc wizards
  2 gnolls (Bailey)
  11 adders
  2 white imps (D:7)
  4 ufetubi (D:5)
  6 ribbon worms
  2 dart slugs (D:4)
  39 orcs
  5 endoplasms
  3 giant cockroaches
  12 goblins
  7 hobgoblins
  3 jackals (D:2)
  3 quokkas
  4 ball pythons (D:2)
  2 frilled lizards
  8 kobolds
  5 rats
173 creatures vanquished.

Table legend:
 A = Non-vault XP
 B = Vault XP
 C = Vault XP percentage of total XP
 D = Non-vault monster count
 E = Vault monster count
 F = Vault count percentage of total count
                 A         B        C        D         E       F
            +---------+---------+-------+---------+---------+-------
      Total |    4519 |     647 |  12.5 |     143 |      30 |  17.3
            +---------+---------+-------+---------+---------+-------
        D:1 |      13 |       5 |  27.8 |       9 |       3 |  25.0
        D:2 |      61 |      38 |  38.4 |      19 |       1 |   5.0
        D:3 |     131 |     101 |  43.5 |      18 |       9 |  33.3
        D:4 |     241 |       0 |   0.0 |      20 |       0 |   0.0
        D:5 |     425 |       0 |   0.0 |      14 |       0 |   0.0
        D:6 |     646 |       0 |   0.0 |      17 |       0 |   0.0
        D:7 |    1357 |       0 |   0.0 |      26 |       0 |   0.0
        D:8 |    1455 |       0 |   0.0 |      19 |       0 |   0.0
        D:9 |     190 |       0 |   0.0 |       1 |       0 |   0.0
     Bailey |       0 |     503 | 100.0 |       0 |      17 | 100.0
            +---------+---------+-------+---------+---------+-------

Skill      XL: |  1  2  3  4  5  6  7  8  9 10 |
---------------+-------------------------------+-----
Long Blades    | 4 5 6 7 8 9 12 13 | 13.0
Invocations    | 1 3 5 |  5.0
Fighting       | |  2.0
Throwing       | |  1.7
Dodging        | |  2.6

Action                     |  1- 3 |  4- 6 |  7- 9 | 10-12 || total
---------------------------+-------+-------+-------+-------++-------
  Melee: Dagger            |    60 |   103 |   185 |    37 ||   385
         Long sword        |    62 |   100 |   195 |    44 ||   401
  Throw: Javelin           |       |       |       |     2 ||     2
 Invoke: Heroism           |       |       |     1 |       ||     1
    Use: Scroll            |     4 |     7 |    10 |     1 ||    22
         Potion            |       |       |     3 |     1 ||     4
   Stab: Sleeping          |     1 |       |     6 |       ||     7
         Distracted        |       |       |     2 |       ||     2
 Armour: Leather armour    |    39 |    62 |   133 |       ||   234
         Storm dragon scal |       |       |    25 |    41 ||    66
  Dodge: Dodged            |    51 |    68 |   112 |    11 ||   242

Illustrated notes

Table legend:
 A = Kills in this place as a percentage of kills in the entire game.
 B = Kills by you in this place as a percentage of kills by you in the entire game.
 C = Kills by friends in this place as a percentage of kills by friends in the entire game.
 D = Other kills in this place as a percentage of other kills in the entire game.
 E = Experience gained in this place as a percentage of experience gained in the entire game.
 F = Experience gained in this place divided by the number of levels of this place that you have seen.
                   A       B       C       D       E      F
               +-------+-------+-------+-------+-------+----------------------
         Total | 100.0 | 100.0 |   N/A |   N/A | 100.0 | 469.6
       Dungeon |  90.2 |  90.2 |   N/A |   N/A |  90.3 | 518.1
        Bailey |   9.8 |   9.8 |   N/A |   N/A |   9.7 | 503.0
               +-------+-------+-------+-------+-------+----------------------

Table legend: (Time is in decaauts)
 A = Elapsed time spent in this place.
 B = Non-inter-level travel time spent in this place.
 C = Inter-level travel time spent in this place.
 D = Time resting spent in this place.
 E = Time spent auto-exploring this place.
 F = Levels seen in this place.
 G = Mean time per level.
                   A        B        C        D        E       F      G
               +--------+--------+--------+--------+--------+-----+--------+
         Total |   8124 |   7724 |    400 |    390 |   6032 |  11 |  738.5 |
       Dungeon |   7805 |   7430 |    375 |    290 |   5934 |   9 |  867.2 |
        Temple |     26 |      1 |     25 |      0 |      0 |   1 |   26.0 |
        Bailey |    292 |    292 |      0 |    100 |     98 |   1 |  292.0 |
               +--------+--------+--------+--------+--------+-----+--------+

Top non-repeatable levels by time:
     D:8: 1255 daAuts
     D:7: 1224 daAuts
     D:5: 1143 daAuts
     D:2: 1117 daAuts
     D:3: 1067 daAuts
     D:6: 696 daAuts
     D:1: 666 daAuts
     D:4: 448 daAuts
  Bailey: 292 daAuts
     D:9: 184 daAuts
  Temple: 26 daAuts
